 Dungeon Crawl Stone Soup version 0.27-a0-277-g024f7ef292 (webtiles) character file.

Game seed: 16278708215383460847

196 Ge0ff the Cudgeller (level 5, -4/38 HPs)
             Began as a Demonspawn Warper on Feb 6, 2021.
             Slain by an ogre
             ... wielding a +0 giant club
              (23 damage)
             ... on level 4 of the Dungeon.
             The game lasted 00:09:23 (3771 turns).

Ge0ff the Cudgeller (Demonspawn Warper)             Turns: 3771, Time: 00:09:24

Health: -4/38      AC:  6    Str: 12    XL:     5   Next: 45%
Magic:  8/8        EV: 10    Int: 14    God:
Gold:   188        SH:  0    Dex: 13    Spells: 8/8 levels left

rFire    . . .     SeeInvis .   a - +0 flail
rCold    + . .     Faith    .   (no shield)
rNeg     . . .     Spirit   .   X - +0 scale mail
rPois    +         Reflect  .   (no helmet)
rElec    .         Harm     .   (no cloak)
rCorr    .         Rampage  .   (no gloves)
Will     +....                  (no boots)
Stlth    ..........             (no amulet)
HPRegen  0.12/turn              G - ring of willpower {=R}
MPRegen  0.11/turn              V - ring of protection from cold

@: no status effects
A: demonic guardian 2, deterioration 1, high mp 1, poison resistance, powered by
death 1, sturdy frame 1
a: no special abilities


You were on level 4 of the Dungeon.
You visited 1 branch of the dungeon, and saw 4 of its levels.

You collected 188 gold pieces.

Inventory:

Hand Weapons
 a - a +0 flail (weapon)
 b - a +0 dagger of venom
Missiles
 e - 2 boomerangs of dispersal
 g - a throwing net {=f}
 v - 2 curare-tipped darts {=f}
 F - 12 poisoned darts (quivered)
 K - 6 stones
 Z - 8 boomerangs
Armour
 M - a +1 leather armour of poison resistance
 X - a +0 scale mail (worn)
Jewellery
 G - a ring of willpower (left hand) {=R}
 Q - an uncursed ring of flight
 V - a ring of protection from cold (right hand)
Scrolls
 B - 2 scrolls of blinking
 C - a scroll of remove curse
 N - 6 scrolls of enchant armour
 P - a scroll of enchant weapon {unknown}
 S - a scroll of immolation {unknown}
 T - a scroll of teleportation
Potions
 q - a potion of curing
 H - a potion of haste {!q}
 I - a potion of brilliance {unknown}
 L - a potion of ambrosia {unknown}
 R - 3 potions of resistance
 U - a potion of attraction {unknown}
 W - a potion of cancellation {unknown}


   Skills:
 + Level 2.2 Fighting
 + Level 5.0 Maces & Flails
 - Level 1.0 Throwing
 + Level 1.2 Armour
 - Level 1.7 Dodging
 - Level 2.0 Spellcasting
 - Level 2.6 Translocations


You had 8 spell levels left.
You didn't know any spells.
Your spell library contained the following spells:

 Spells                   Type           Power        Failure   Level
 Blink                    Tloc           N/A          34%         2
 Gell's Gravitas          Tloc           4%           56%         3
 Lesser Beckoning         Tloc           4%           56%         3
 Teleport Other           Tloc           8%           56%         3
 Passage of Golubria      Tloc           N/A          92%         4


Dungeon Overview and Level Annotations

Branches:
Dungeon (4/15)
 Temple: D:4-7

Altars:


Innate Abilities, Weirdness & Mutations

A demonic guardian rushes to your aid.
You regenerate a little health from kills.
Your movements are slightly less encumbered by armour. (ER -2)
Your body sometimes deteriorates upon taking damage.
You have an increased reservoir of magic. (+10% MP)
Your system is resistant to poisons. (rPois)


Message History

You aren't carrying any items that you can evoke.
Okay, then.
It was a potion of mutation.
You feel extremely strange.
You feel yourself wasting away.
You feel more energetic.
You feel resistant to poisons. The ball python barely misses you.
The ball python grabs you. The ball python constricts you.
The ball python bites you but does no damage.
The ball python constricts you.
You hit the ball python.
You kill the ball python!
Throw: 3 boomerangs (disperse)
Press: ? - help, Shift-Dir - straight line, f - ogre
Aim: an ogre, wielding a +0 giant club (73% to hit)
You throw a boomerang of dispersal.
The boomerang of dispersal hits the ogre but does no damage.
The ogre hits you with a +0 giant club!!
Ouch! That really hurt!
You die...

.#...........#
.#####.......#
.# #.......#
#.......#
#.......#
#.......#
#.......# #
#.......#####.#
###+#<....O@..#
###########


You could see an ogre.

Vanquished Creatures
  A hound (D:4)
  An adder (D:2)
  4 gnolls
  An ooze (D:2)
  3 dart slugs (D:1)
  2 worms (D:3)
  3 leopard geckos
  3 orcs (D:3)
  A ball python (D:4)
  A giant cockroach (D:4)
  6 goblins
  9 hobgoblins
  4 jackals
  A quokka (D:3)
  6 bats
  2 frilled lizards
  7 kobolds
  6 rats
61 creatures vanquished.

Vanquished Creatures (collateral kills)
  An orc priest (D:3)
  An orc wizard (D:3)
  2 orcs (D:3)
4 creatures vanquished.

Grand Total: 65 creatures vanquished

Notes
Turn   | Place    | Note
-------+----------+-------------------------------------------
     0 | D:1      | Ge0ff the Demonspawn Warper began the quest for the Orb.
     0 | D:1      | Reached XP level 1. HP: 16/16 MP: 3/3
    52 | D:1      | Reached skill level 2 in Maces & Flails
   209 | D:1      | Gained mutation: You regenerate a little health from kills.
                  | [demonic ancestry]
   209 | D:1      | Reached XP level 2. HP: 21/22 MP: 5/5
   626 | D:1      | Reached skill level 3 in Maces & Flails
   780 | D:1      | Gained mutation: A weak demonic guardian rushes to your
                  | aid. [demonic ancestry]
   780 | D:1      | Reached XP level 3. HP: 27/27 MP: 6/6
  1187 | D:2      | Reached skill level 1 in Throwing
  1187 | D:2      | Reached skill level 1 in Armour
  1825 | D:3      | Gained mutation: A demonic guardian rushes to your aid.
                  | [demonic ancestry]
  1825 | D:3      | Reached XP level 4. HP: 33/33 MP: 7/7
  1849 | D:3      | Reached skill level 4 in Maces & Flails
  2962 | D:3      | Gained mutation: Your movements are slightly less
                  | encumbered by armour. (ER -2) [demonic ancestry]
  2962 | D:3      | Reached XP level 5. HP: 11/38 MP: 8/8
  3654 | D:4      | Reached skill level 5 in Maces & Flails
  3742 | D:4      | Noticed an ogre
  3769 | D:4      | Gained mutation: Your body sometimes deteriorates upon
                  | taking damage. [potion of mutation]
  3769 | D:4      | Gained mutation: You have an increased reservoir of magic.
                  | (+10% MP) [potion of mutation]
  3769 | D:4      | Gained mutation: Your system is resistant to poisons.
                  | (rPois) [potion of mutation]
  3771 | D:4      | Slain by an ogre

Illustrated notes

Levels and vault maps discovered:
D:1:      lemuel_arrival_lava_pool, layout_loops_ring
D:2:      layout_rooms
D:3:      layout_loops_ring, chequers_avenue
D:4:      layout_basic, nzn_hepliaklqana_mist_gate

Skill      XL: |  1  2  3  4  5 |
---------------+----------------+-----
Maces & Flails | 2 3 4 5 |  5.0
Throwing       | 1 |  1.0
Armour         | 1 |  1.2
Fighting       | |  2.2
Dodging        | |  1.7
Spellcasting   | |  2.0
Translocations | |  2.6

Action                   |  1- 3 |  4- 6 || total
-------------------------+-------+-------++-------
Melee: Mace              |   117 |    17 ||   134
       Flail             |       |    81 ||    81
Throw: Dart              |    12 |    18 ||    30
       Boomerang         |       |     3 ||     3
 Abil: Evoke Flight      |       |     1 ||     1
  Use: Scroll            |     6 |     2 ||     8
       Potion            |       |     1 ||     1
Armor: Leather armour    |    23 |     1 ||    24
       Scale mail        |       |    26 ||    26
Dodge: Dodged            |    69 |    66 ||   135

Table legend: (Time is in decaauts)
 A = Elapsed time spent in this place.
 B = Non-inter-level travel time spent in this place.
 C = Inter-level travel time spent in this place.
 D = Time resting spent in this place.
 E = Time spent auto-exploring this place.
 F = Levels seen in this place.
 G = Mean time per level.
                   A        B        C        D        E       F      G
               +--------+--------+--------+--------+--------+-----+--------+
         Total |   3816 |   3603 |    213 |      0 |   2720 |   4 |  954.0 |
       Dungeon |   3816 |   3603 |    213 |      0 |   2720 |   4 |  954.0 |
               +--------+--------+--------+--------+--------+-----+--------+

Top non-repeatable levels by time:
     D:2: 1377 daAuts
     D:3: 1190 daAuts
     D:1: 1113 daAuts
     D:4: 134 daAuts
